 Dungeon Crawl Stone Soup version 0.32-a0-136-gc02482bde3 (webtiles) character file.

Game seed: 12014984240712622058

95 BubbleThief the Chopper (level 4, 0/41 HPs)
             Began as a Hill Orc Fighter on Feb 10, 2024.
             Constricted to death by Ijyb (6 damage)
             ... on level 3 of the Dungeon.
             The game lasted 00:02:21 (1577 turns).

BubbleThief the Chopper (Hill Orc Fighter)          Turns: 1577, Time: 00:02:21

Health: 0/41       AC:  6    Str: 20    XL:     4   Next: 65%
Magic:  4/4        EV:  6    Int:  8    God:
Gold:   106        SH:  4    Dex: 10    Spells: 3/3 levels left

rFire   . . .        a - +0 war axe
rCold   . . .        c - +0 buckler
rNeg    . . .        b - +0 scale mail
rPois   .            (no helmet)
rElec   .            (no cloak)
rCorr   .            (no gloves)
SInv    .            (no boots)
Will    .....        (no amulet) Stlth
                     (no ring)
HPRegen 0.26/turn    (no ring)
MPRegen 0.09/turn

%: no passive effects
@: grasped by roots, constricted
A: no striking features
a: no special abilities


You were on level 3 of the Dungeon.
You visited 1 branch of the dungeon, and saw 3 of its levels.

You collected 106 gold pieces.

Inventory:

Hand Weapons
 a - a +0 war axe (weapon)
Armour
 b - a +0 scale mail (worn)
 c - a +0 buckler (worn)
Scrolls
 f - a scroll of teleportation {unknown}
 g - a scroll of poison {unknown}
 h - a scroll of enchant weapon {unknown}
 i - a scroll of fear {unknown}
 k - a scroll of identify {unknown}
 l - a scroll of blinking {unknown}
Potions
 d - a potion of might
 e - a potion of invisibility {unknown}
 j - a potion of ambrosia {unknown}


   Skills:
 + Level 4.7 Fighting
 * Level 5.3 Axes
 - Level 3.2 Armour
 - Level 3.2 Shields


You had 3 spell levels left.
You didn't know any spells.
Your spell library contained the following spells:

 Spells                   Type           Power      Damage    Failure   Level
 Sting                    Conj/Alch      0%         1d3       83%         1
 Mercury Vapours          Alch/Air       0%         N/A       93%         2
 Olgreb's Toxic Radiance  Alch           0%         N/A       100%        4


Dungeon Overview and Level Annotations

Branches:
Dungeon (3/15)

Altars:

Annotations:
D:3 Ijyb


Message History

Unknown command.
You barely miss Ijyb. Ijyb hits you with a +0 club.
Unknown command.
You barely miss Ijyb. Ijyb hits you with a +0 club.
Ijyb zaps a wand.
The roots erupt in riotous growth!
The grasping roots grab you!
Ijyb is unaffected.
The grasping roots constrict you.
You hear a shout!
You are too injured to fight recklessly!
Unknown command.
You slash Ijyb!
Ijyb is heavily wounded.
Ijyb barely misses you. The grasping roots constrict you.
* * * LOW HITPOINT WARNING * * *
Unknown command.
You hit Ijyb but do no damage.
Ijyb is heavily wounded.
Ijyb hits you with a +0 club.
* * * LOW HITPOINT WARNING * * *
The grasping roots constrict you.
The grasping roots release their grip on you.
Unknown command.
You hit Ijyb.
Ijyb is severely wounded.
Ijyb misses you.
A goblin comes into view. It is wielding a +0 club.
Ijyb hits you with a +0 club.
* * * LOW HITPOINT WARNING * * *
Unknown command.
You closely miss Ijyb.
Ijyb is severely wounded.
Ijyb hits you with a +0 club.
* * * LOW HITPOINT WARNING * * *
You hit Ijyb.
Ijyb is almost dead.
Ijyb zaps a wand.
The roots erupt in riotous growth!
The grasping roots grab you!
Ijyb is unaffected.
The grasping roots constrict you.
You die...
Ijyb screams, "Time for next experiment!"

.. . ..........# ..
###.........# ...
#...........# #....######
#.##........#
#........####.##g.......#
.#....###......##........#
....[..gg.##...##........#
####...##@......#†.......#
#... #......)..########
#g.. #.....<)#.....# #...
#.......#####.# #...
######### #..g #...


You could see Ijyb and a goblin.

Vanquished Creatures
  Jessica (D:2)
  3 adders
  A gnoll (D:3)
  A dart slug (D:1)
  3 bats
  2 giant cockroaches
  5 goblins
  2 hobgoblins
  3 kobolds
  A quokka (D:1)
  3 ball pythons
  4 frilled lizards
  3 rats
32 creatures vanquished.

Notes
Turn   | Place    | Note
-------+----------+-------------------------------------------
     0 | D:1      | BubbleThief the Hill Orc Fighter began the quest for the
                  | Orb.
     0 | D:1      | Reached XP level 1. HP: 19/19 MP: 1/1
    84 | D:1      | Reached skill level 3 in Axes
   296 | D:1      | Reached XP level 2. HP: 27/27 MP: 2/2
   854 | D:2      | Reached skill level 4 in Axes
   854 | D:2      | Reached XP level 3. HP: 8/33 MP: 3/3
   860 | D:2      | HP: 1/33 [poisoned by an adder]
  1083 | D:2      | Noticed Jessica
  1085 | D:2      | Killed Jessica
  1097 | D:2      | Upgraded the game from 0.32-a0-132-g2d33c3cfaf to
                  | 0.32-a0-136-gc02482bde3
  1105 | D:2      | Reached XP level 4. HP: 41/41 MP: 4/4
  1314 | D:2      | Reached skill level 5 in Axes
  1560 | D:3      | Noticed Ijyb
  1577 | D:3      | Constricted to death by Ijyb

Illustrated notes

Levels and vault maps discovered:
D:1:      dpeg_arrival_orchard, layout_basic, kennysheep_crisscross
D:2:      kennysheep_big_flooded_room, layout_rooms, serial_bayou_lake_a,
          uniq_jessica
D:3:      layout_rooms, nicolae_gozag_seed_capital, elyvilon_altar_5, uniq_ijyb

Skill      XL: |  1  2  3  4 |
---------------+-------------+-----
Axes           | 3 4 5 |  5.3
Fighting       | 4 |  4.7
Armour         | |  3.2
Shields        | |  3.2

Action                     |  1- 3 |  4- 6 || total
---------------------------+-------+-------++-------
  Melee: War axe           |    58 |    50 ||   108
 Armour: Scale mail        |    39 |    32 ||    71
  Dodge: Dodged            |    32 |    21 ||    53
  Block: Buckler           |    12 |    11 ||    23

Table legend: (Time is in decaauts)
 A = Elapsed time spent in this place.
 B = Non-inter-level travel time spent in this place.
 C = Inter-level travel time spent in this place.
 D = Time resting spent in this place.
 E = Time spent auto-exploring this place.
 F = Levels seen in this place.
 G = Mean time per level.
                   A        B        C        D        E       F      G
               +--------+--------+--------+--------+--------+-----+--------+
         Total |   1634 |   1590 |     44 |    133 |   1167 |   3 |  544.7 |
       Dungeon |   1634 |   1590 |     44 |    133 |   1167 |   3 |  544.7 |
               +--------+--------+--------+--------+--------+-----+--------+

Top non-repeatable levels by time:
     D:2: 795 daAuts
     D:1: 767 daAuts
     D:3: 72 daAuts
